 Dungeon Crawl Stone Soup version 0.21-a0-84-g85d6d27 (webtiles) character file.

1807 slavetoarmok the Nimble (level 8, -4/42 HPs)
             Began as a Spriggan Enchanter on June 29, 2017.
             Was an Initiate of Vehumet.
             Killed from afar by an orc wizard (8 damage)
             ... with a magic dart
             ... on level 7 of the Dungeon.
             The game lasted 00:10:56 (6675 turns).

slavetoarmok the Nimble (Spriggan Enchanter)        Turns: 6675, Time: 00:10:56

Health: -4/42      AC:  2    Str:  4    XL:     8   Next: 84%
Magic:  8/19       EV: 23    Int: 18    God:    Vehumet [......]
Gold:   383        SH:  0    Dex: 17    Spells: 8/20 levels left

rFire    . . .     SeeInvis +   a - +1 dagger
rCold    . . .     Gourm    .   (shield restricted)
rNeg     . . .     Faith    .   b - +0 robe
rPois    .         Spirit   .   (helmet restricted)
rElec    .         Reflect  .   (no cloak)
rCorr    .         Harm     .   (gloves unavailable)
MR       +....                  (boots unavailable)
Stlth    ++++......             (no amulet)
HPRegen  0.14/turn              (no ring)
MPRegen  0.16/turn              (no ring)

@: very quick
A: unfitting armour, see invisible, herbivore 3, speed 3, slow metabolism 2
a: Renounce Religion


You were on level 7 of the Dungeon.
You worshipped Vehumet.
Vehumet was noncommittal.
You were not hungry.

You visited 2 branches of the dungeon, and saw 8 of its levels.

You collected 383 gold pieces.

Inventory:

Hand Weapons
 a - a +1 dagger (weapon)
Missiles
 M - 2 arrows
Armour
 b - a +0 robe (worn)
Jewellery
 d - an uncursed ring of positive energy {unknown}
 p - an uncursed amulet of harm {unknown}
 q - an uncursed ring of poison resistance {unknown}
 t - an uncursed ring of protection from fire {unknown}
 u - an uncursed ring of stealth {unknown}
 v - an uncursed amulet of harm {unknown}
 w - a +6 ring of evasion {unknown}
 H - a +3 ring of protection {unknown}
 I - a cursed ring of teleportation {unknown}
 L - an uncursed amulet of the gourmand {unknown}
Wands
 J - a wand of random effects (23/48)
Scrolls
 f - a scroll of amnesia {unknown}
 g - 11 scrolls of identify {unknown}
 h - 4 scrolls of recharging {unknown}
 i - 5 scrolls of fear {unknown}
 j - a scroll of noise {unknown}
 n - 6 scrolls of remove curse {unknown}
 s - a scroll of blinking {unknown}
 x - 2 scrolls of enchant armour {unknown}
 y - 3 scrolls of teleportation {unknown}
 D - 2 scrolls of fog {unknown}
 G - a scroll of random uselessness {unknown}
Potions
 e - 3 potions of resistance {unknown}
 k - a potion of cancellation {unknown}
 l - 4 potions of curing {unknown}
 m - a potion of heal wounds {unknown}
 o - a potion of mutation {unknown}
 r - a potion of berserk rage {unknown}
 z - a potion of ambrosia {unknown}
 E - 2 potions of flight {unknown}
 F - a potion of agility {unknown}
 K - a potion of brilliance {unknown}
Books
 c - a book of Maledictions

   Spells                             Type                      Level
   a - Corona                         Hexes                        1
   b - Ensorcelled Hibernation        Hexes/Ice                    2
   c - Confuse                        Hexes                        3
   d - Tukima's Dance                 Hexes                        3
   e - Dazzling Spray                 Conjuration/Hexes            3
Comestibles
 A - 2 fruits
 B - 4 bread rations
 C - a royal jelly


   Skills:
 + Level 4.0 Fighting
 - Level 3.4 Short Blades
 + Level 8.0 Dodging
 - Level 6.8 Stealth
 + Level 6.7 Spellcasting
 + Level 7.4 Hexes


You had 8 spell levels left.
You knew the following spells:

 Your Spells              Type           Power        Failure   Level  Hunger
a - Corona                Hex            ####...      1%          1    None
b - Ensorcelled Hibernat  Hex/Ice        ###...       3%          2    None
c - Confuse               Hex            ####....     1%          3    ##.....
d - Tukima's Dance        Hex            ####....     1%          3    ##.....
e - Dazzling Spray        Conj/Hex       ###...       7%          3    ##.....


Dungeon Overview and Level Annotations

Branches:
Dungeon (7/15)             Temple (1/1) D:6

Altars:
Cheibriados
Dithmenos
Fedhas
Hepliaklqana
Kikubaaqudgha
Makhleb
Nemelex Xobeh
Okawaru
Qazlal
Ru
Sif Muna
Trog
Uskayaw
Vehumet
Wu Jian
Xom
Yredelemnul
Zin
The Shining One


Innate Abilities, Weirdness & Mutations

You are very small and have problems with some larger weapons.
You are too small for most types of armour.
You have supernaturally acute eyesight. (SInv)
You are a herbivore.
You cover ground extremely quickly.
You need consume almost no food.


Message History

There are no items here.
There are no items here.
There are no items here.
There are no items here.
There are no items here.
There are no items here.
There are no items here.
There are no items here.
There are no items here.
There are no items here.
There are no items here.
There are no items here.
There are no items here.
The centaur shoots an arrow.
The arrow completely misses you.
The centaur shoots an arrow.
The arrow hits you!
* * * LOW HITPOINT WARNING * * *
The worker ant misses you. The orc wizard casts a spell at you.
The magic dart hits you!
You die...

..##...........
...#............
................<
.................
.......(......:..
#................
#......(........
##.......@a......
..........hh.....
.#.......hO.....
#.c...ho.......
.........o.ch....
.........o....h..
##...............
##..............
#..............


You could see an ogre, 2 centaurs, 6 howler monkeys, a worker ant, 2 orc wizards
and an orc.

Vanquished Creatures
  Menkaure (D:6)
  3 sky beasts
  2 phantoms (D:4)
  4 ogres
  2 centaurs (D:6)
  Blork the orc (D:6)
  A bullfrog (D:3)
  2 scorpions
  A crimson imp (D:3)
  A centaur zombie (D:5)
  A bullfrog zombie (D:6)
  A hound (D:5)
  A bullfrog skeleton (D:5)
  A centaur skeleton (D:4)
  3 iguanas
  A worker ant (D:3)
  4 gnolls (D:2)
  7 adders
  A shadow imp (D:4)
  2 adder skeletons (D:6)
  2 worms (D:3)
  3 dart slugs
  A leopard gecko (D:2)
  5 orcs
  9 bats
  3 giant cockroaches
  8 goblins
  8 hobgoblins
  21 jackals
  5 kobolds
  A quokka (D:4)
  8 frilled lizards
  10 rats
124 creatures vanquished.

Notes
Turn   | Place    | Note
-------+----------+-------------------------------------------
     0 | D:1      | slavetoarmok the Spriggan Enchanter began the quest for the Orb.
     0 | D:1      | Reached XP level 1. HP: 9/9 MP: 5/5
   503 | D:1      | Reached XP level 2. HP: 13/13 MP: 6/6
   587 | D:1      | Reached skill level 5 in Stealth
   630 | D:1      | Learned a level 2 spell: Ensorcelled Hibernation
  1155 | D:2      | Reached XP level 3. HP: 16/16 MP: 5/8
  1296 | D:2      | Reached XP level 4. HP: 12/21 MP: 5/9
  1353 | D:2      | Learned a level 3 spell: Confuse
  1577 | D:2      | HP: 1/21 [poisoned by an adder]
  2936 | D:3      | Reached XP level 5. HP: 21/24 MP: 10/10
  3003 | D:3      | Learned a level 3 spell: Tukima's Dance
  3123 | D:3      | Reached skill level 1 in Fighting
  3898 | D:4      | Reached skill level 4 in Dodging
  3898 | D:4      | Reached XP level 6. HP: 30/30 MP: 12/12
  3951 | D:4      | Reached skill level 5 in Hexes
  3965 | D:4      | Reached skill level 5 in Dodging
  3965 | D:4      | Reached XP level 7. HP: 22/35 MP: 4/14
  4371 | D:4      | Reached skill level 5 in Spellcasting
  4600 | D:4      | Learned a level 3 spell: Dazzling Spray
  5083 | D:5      | Entered Level 5 of the Dungeon
  5190 | D:5      | Reached skill level 6 in Dodging
  5397 | D:5      | Reached XP level 8. HP: 38/39 MP: 14/17
  5422 | D:5      | Found a shimmering altar of Xom.
  5660 | D:6      | Noticed Blork the orc
  5662 | D:6      | Killed Blork the orc
  5684 | D:6      | Reached skill level 7 in Dodging
  5784 | D:6      | Found a staircase to the Ecumenical Temple.
  5815 | Temple   | Entered the Ecumenical Temple
  6040 | Temple   | Became a worshipper of Vehumet
  6210 | D:6      | Noticed Menkaure
  6220 | D:6      | Killed Menkaure
  6473 | D:6      | Reached skill level 8 in Dodging
  6675 | D:7      | Killed from afar by an orc wizard

Vault maps used:
D:1:      sevenhm_arrival_forest_fort_small_3
D:4:      first_bread, mrwooster_statue_mirror
D:5:      lemuel_doored_altar
D:6:      temple_statues, uniq_blork_the_orc, uniq_menkaure
D:7:      uniq_pikel
Temple:   dpeg_five_rooms_temple

Skill      XL: |  1  2  3  4  5  6  7  8 |
---------------+-------------------------+-----
Stealth        | 5 6 |  6.8
Short Blades   | 2 3 |  3.4
Spellcasting   | 3 4 5 6 |  6.7
Hexes          | 4 5 6 7 |  7.4
Fighting       | 1 2 4 |  4.0
Dodging        | 4 5 6 8 |  8.0

Action                   |  1- 3 |  4- 6 |  7- 9 || total
-------------------------+-------+-------+-------++-------
Melee: Dagger            |    74 |   191 |   206 ||   471
 Cast: Corona            |     3 |       |       ||     3
       Ensorcelled Hiber |     9 |    34 |    26 ||    69
       Confuse           |       |     3 |    11 ||    14
 Stab: Sleeping          |    19 |    28 |    29 ||    76
       Distracted        |     1 |       |       ||     1
       Confused          |       |     3 |     7 ||    10
  Eat: Royal jelly       |       |     2 |       ||     2
       Bread ration      |       |     1 |       ||     1
       Fruit             |       |     1 |       ||     1
Armor: Robe              |     7 |    19 |     6 ||    32
Dodge: Dodged            |    51 |   140 |   194 ||   385
